 Dungeon Crawl Stone Soup version 0.26.1-15-g04117e645d (webtiles) character file.

Game seed: 16001267504796522695

326 tkbsonic5 the Sneak (level 6, -2/30 HPs)
             Began as a Spriggan Enchanter on Dec 18, 2022.
             Was a Follower of Yredelemnul.
             Slain by an orc wizard
             ... wielding a +0 dagger
              (5 damage)
             ... on level 4 of the Dungeon.
             The game lasted 00:18:46 (4762 turns).

tkbsonic5 the Sneak (Spriggan Enchanter)            Turns: 4762, Time: 00:18:47

Health: -2/30      AC:  3    Str:  4    XL:     6   Next: 24%
Magic:  1/22       EV: 19    Int: 18    God:    Yredelemnul [*.....]
Gold:   114        SH:  0    Dex: 17    Spells: 1/13 levels left

rFire    . . .     SeeInvis +   i - +2 dagger (venom)
rCold    . . .     Faith    .   (shield restricted)
rNeg     . . .     Spirit   .   b - +0 robe
rPois    .         Reflect  .   (helmet restricted)
rElec    .         Harm     .   k - +0 cloak
rCorr    +         Rampage  .   (gloves unavailable)
Will     +....                  (boots unavailable)
Stlth    +++.......             (no amulet)
HPRegen  0.10/turn              n - ring of magical power
MPRegen  0.18/turn              e - ring of resist corrosion

@: very slightly contaminated, hasted, very quick
A: very small, unfitting armour, see invisible, speed 3
a: Renounce Religion, Animate Remains


You were on level 4 of the Dungeon.
You worshipped Yredelemnul.
Yredelemnul was aware of your devotion.
You visited 1 branch of the dungeon, and saw 4 of its levels.

You collected 114 gold pieces.

Inventory:

Hand Weapons
 a - a +1 dagger
 d - a +0 short sword
 i - a +2 dagger of venom (weapon)
 s - a +0 hunting sling
 z - a +0 rapier
Missiles
 f - 16 arrows
 v - a throwing net
Armour
 b - a +0 robe (worn)
 k - a +0 cloak (worn)
Jewellery
 e - a ring of resist corrosion (right hand)
 n - a ring of magical power (left hand)
Wands
 x - a wand of disintegration (9)
Scrolls
 c - 3 scrolls of teleportation
 g - a scroll of random uselessness {unknown}
 q - 2 scrolls of enchant armour {unknown}
 r - 2 scrolls of remove curse
 w - a scroll of enchant weapon {unknown}
 y - 3 scrolls of magic mapping {unknown}
 A - 2 scrolls of identify
 B - a scroll of amnesia
Potions
 h - a potion of might {unknown}
 j - a potion of mutation {unknown}
 l - a potion of heal wounds {unknown}
 m - a potion of ambrosia {unknown}
 o - a potion of magic {unknown}
 p - a potion of haste
 t - a potion of flight {unknown}
 u - a potion of attraction {unknown}


   Skills:
 * Level 1.3 Fighting
 * Level 2.6 Short Blades
 - Level 3.4 Dodging
 * Level 5.9 Stealth
 * Level 4.0 Spellcasting
 * Level 4.6 Hexes
 * Level 1.4 Ice Magic
 * Level 1.5 Invocations
 * Level 1.3 Evocations


You had one spell level left.
You knew the following spells:

 Your Spells              Type           Power        Failure   Level
a - Corona                Hex            22%          2%          1
b - Ensorcelled Hibernat  Hex/Ice        28%          6%          2
c - Tukima's Dance        Hex            20%          6%          3
d - Confusing Touch       Hex            20%          6%          3
e - Dazzling Flash        Conj/Hex       24%          17%         3

Your spell library contained the following spells:

 Spells                   Type           Power        Failure   Level


Dungeon Overview and Level Annotations

Branches:
Dungeon (4/15)
 Temple: D:4-7

Altars:
Gozag
Kikubaaqudgha
Uskayaw
Yredelemnul
Zin


Innate Abilities, Weirdness & Mutations

You are very small and have problems with some larger weapons.
You are too small for most types of armour.
You have supernaturally acute eyesight. (SInv)
You cover ground extremely quickly.


Message History

Press: ? - help, Shift-Dir - straight line, f/p - orc wizard
Aim: an orc wizard, wielding a +0 dagger and wearing a +0 robe (lightly wounded, slightly transparent, very poisoned, chance to affect: 45%)
The orc wizard resists with some effort.
The orc wizard hits you but does no damage.
Okay, then.
You miss the orc wizard.
The orc wizard is lightly wounded.
You hit the orc wizard but do no damage.
The orc wizard looks as sick as possible!
The orc wizard is lightly wounded.
The orc wizard closely misses you.
You hit the orc wizard but do no damage.
The orc wizard is moderately wounded.
The orc wizard casts a spell at you. The puff of frost hits you!
* * * LOW HITPOINT WARNING * * *
It was a potion of haste.
You feel yourself speed up.
The orc wizard hits you with a +0 dagger.
You die...
Your body rises from the dead as a mindless zombie.

#. #.# # #.>
######.# .. .....
#.## #### #..#
#))# #o)# #..#
#@## ###'####
#..####......#
#...........##
##......######
#............#
#............##
##.............#
##).............#
##)##............#


You could see an orc wizard (invisible, extremely poisoned).

Vanquished Creatures
  An ogre (D:4)
  An orc priest (D:4)
  A centaur skeleton (D:4)
  Jessica (D:3)
  Ijyb (D:4)
  2 adders
  2 oozes
  A worm (D:2)
  3 dart slugs
  2 leopard geckos
  6 orcs
  7 bats
  4 giant cockroaches
  16 goblins
  10 hobgoblins
  2 jackals (D:1)
  9 kobolds
  2 quokkas (D:3)
  4 ball pythons
  A frilled lizard (D:2)
  7 rats
83 creatures vanquished.

Vanquished Creatures (collateral kills)
  Robin (D:4)
  3 goblins
  A hobgoblin (D:4)
  A frilled lizard (D:3)
6 creatures vanquished.

Vanquished Creatures (others)
  A dancing weapon (D:3)
  An ogre zombie (D:4)
2 creatures vanquished.

Grand Total: 91 creatures vanquished

Notes
Turn   | Place    | Note
-------+----------+-------------------------------------------
     0 | D:1      | tkbsonic5 the Spriggan Enchanter began the quest for the
                  | Orb.
     0 | D:1      | Reached XP level 1. HP: 9/9 MP: 5/5
   385 | D:1      | Reached XP level 2. HP: 13/13 MP: 6/6
   513 | D:1      | Learned a level 2 spell: Ensorcelled Hibernation
  1593 | D:1      | Reached XP level 3. HP: 16/16 MP: 1/8
  1600 | D:1      | Learned a level 3 spell: Tukima's Dance
  2153 | D:2      | Found a basalt altar of Yredelemnul.
  2161 | D:2      | Became a worshipper of Yredelemnul the Dark
  2370 | D:2      | Found a hide-covered altar of Uskayaw.
  2379 | D:2      | Reached skill level 5 in Stealth
  2594 | D:2      | Found a glowing silver altar of Zin.
  3216 | D:3      | Reached * piety under Yredelemnul
  3312 | D:3      | Reached XP level 4. HP: 19/21 MP: 1/10
  3424 | D:3      | Found an opulent altar of Gozag.
  3458 | D:3      | Found a glowing drain.
  3650 | D:3      | Noticed Jessica
  3660 | D:3      | Killed Jessica
  3868 | D:3      | Found an ancient bone altar of Kikubaaqudgha.
  4054 | D:4      | Reached skill level 1 in Ice Magic
  4054 | D:4      | Reached XP level 5. HP: 25/25 MP: 11/11
  4058 | D:4      | Learned a level 3 spell: Confusing Touch
  4075 | D:4      | Noticed Ijyb
  4084 | D:4      | Killed Ijyb
  4085 | D:4      | Reached skill level 1 in Fighting
  4417 | D:4      | Reached skill level 1 in Invocations
  4503 | D:4      | Noticed an ogre
  4511 | D:4      | Killed an ogre
  4512 | D:4      | Reached skill level 1 in Evocations
  4512 | D:4      | Reached XP level 6. HP: 30/30 MP: 12/12
  4516 | D:4      | Learned a level 3 spell: Dazzling Flash
  4567 | D:4      | Identified the +0 helmet of Indecent Exposure {rC+}
  4567 | D:4      | Noticed Robin
  4586 | D:4      | Killed Robin
  4762 | D:4      | Slain by an orc wizard

Illustrated notes

Levels and vault maps discovered:
D:1:      dpeg_arrival_snail, layout_loops_ring, chequers_serial_rivers_small_3
D:2:      layout_loops_ring, overflow_temple_1_default, zin_statuary,
          eat_drink_and_be_merry_uskayaw
D:3:      layout_rooms, lemuel_crystal_altar, old_standard_altar,
          portal_sewer_entry_a, uniq_jessica
D:4:      layout_cave_pods, corexii_checkpoint_a, kennysheep_generic_room_11,
          uniq_robin, uniq_ijyb

Skill      XL: |  1  2  3  4  5  6 |
---------------+-------------------+-----
Spellcasting   | 3 4 |  4.0
Hexes          | 4 |  4.6
Stealth        | 5 |  5.9
Short Blades   | 2 |  2.6
Ice Magic      | 1 |  1.4
Fighting       | 1 |  1.3
Invocations    | 1 |  1.5
Evocations     | 1 |  1.3
Dodging        | |  3.4

Action                   |  1- 3 |  4- 6 || total
-------------------------+-------+-------++-------
Melee: Dagger            |   123 |    67 ||   190
       Short sword       |    26 |       ||    26
 Cast: Corona            |    18 |     1 ||    19
       Ensorcelled Hiber |    35 |    34 ||    69
       Tukima's Dance    |     3 |       ||     3
       Dazzling Flash    |       |     1 ||     1
Invok: Animate Remains   |       |     8 ||     8
  Use: Scroll            |     6 |     1 ||     7
       Potion            |       |     1 ||     1
 Stab: Sleeping          |    18 |    24 ||    42
       Invisible         |       |     1 ||     1
Armor: Robe              |    11 |     5 ||    16
Dodge: Dodged            |   137 |    39 ||   176
